 Dungeon Crawl Stone Soup version 0.29.1-15-g9cfb28693d (webtiles) character file.

Game seed: 13779998752599702961

277 Sanktem7 the Trooper (level 6, 0/84 HPs)
             Began as a Minotaur Fighter on Mar 9, 2023.
             Succumbed to a gnoll's poison
             ... on level 5 of the Dungeon.
             The game lasted 00:05:03 (3067 turns).

Sanktem7 the Trooper (Minotaur Fighter)             Turns: 3067, Time: 00:05:03

Health: 0/84       AC: 12    Str: 22    XL:     6   Next: 4%
Magic:  5/5        EV:  7    Int:  5    God:
Gold:   88         SH:  4    Dex: 10    Spells: 5/5 levels left

rFire   . . .      SeeInvis .   a - +0 war axe {axe}
rCold   . . .      Faith    .   c - +0 buckler
rNeg    . . .      Spirit   .   t - +0 chain mail
rPois   .          Reflect  .   (helmet restricted)
rElec   .          Harm     .   (no cloak)
rCorr   .          Rampage  .   i - +0 pair of gloves
Will    .....                   n - +0 pair of boots
Stlth   ..........              (no amulet)
HPRegen 0.24/turn               (no ring)
MPRegen 0.09/turn               (no ring)

@: berserking, lethally poisoned (0 -> -14), weakened, very quick
A: horns 2, retaliatory headbutt
a: no special abilities


You were on level 5 of the Dungeon.
You visited 1 branch of the dungeon, and saw 5 of its levels.

You collected 116 gold pieces.
You spent 28 gold pieces at shops.


Innate Abilities, Weirdness & Mutations

You have a pair of horns on your head.
You reflexively headbutt those who attack you in melee.


   Skills:
 * Level 5.6 Fighting
 * Level 4.8 Axes
 + Level 2.1 Throwing
 + Level 4.7 Armour
 - Level 3.6 Shields


You had 5 spell levels left.
You didn't know any spells.
Your spell library contained the following spells:

 Spells                   Type           Power      Damage    Failure   Level
 Shock                    Conj/Air       0%         1d3       99%         1
 Swiftness                Air            0%         N/A       100%        3
 Airstrike                Air            0%         2d(0-16)  100%        4

Inventory:

Hand Weapons
 a - a +0 war axe (weapon) {axe}
 s - a +2 short sword of electrocution {short}
   (You took it off an orc on level 3 of the Dungeon)
Missiles
 b - 3 boomerangs {throwing}
 e - 56 stones (quivered) {throwing}
 m - 9 poisoned darts {throwing}
Armour
 c - a +0 buckler (worn)
 i - a +0 pair of gloves (worn)
   (You found it on level 1 of the Dungeon)
 n - a +0 pair of boots (worn)
   (You found it on level 2 of the Dungeon)
 t - a +0 chain mail (worn)
   (You found it on level 3 of the Dungeon)
Scrolls
 g - a scroll of immolation {unknown}
 h - 4 scrolls of magic mapping {!r}
 j - a scroll of acquirement {unknown}
 k - a scroll of vulnerability {unknown}
 l - 2 scrolls of enchant armour {unknown}
 o - 2 scrolls of blinking {unknown}
 p - a scroll of teleportation {unknown}
 q - a scroll of noise {unknown}
Potions
 d - 3 potions of might
 r - a potion of curing {@q1}
 u - a potion of heal wounds {unknown}

Dungeon Overview and Level Annotations

Branches:
Dungeon (5/15) Zot: 26786
 Temple: D:4-7

Altars:
Cheibriados
Fedhas
Kikubaaqudgha
The Shining One

Shops:
D:2

? ####
..>
#g#####
#h@g..#
#g##.##
#. ...#
####..#
#..#
...#
#...
####


You could see a gnoll bouda, 2 gnolls and a jackal.


Message History

The jackal bites you.
The gnoll hits you with a +2 halberd of venom.
You are poisoned.
The gnoll hits you but does no damage.
The jackal bites you but does no damage.
The gnoll hits you with a +0 flail.
The jackal bites you but does no damage.
There is a stone staircase leading down here. 😕 HP[-7]
You take 7 damage, and now have 49/56 hp.
You feel very sick.
The jackal bites you but does no damage.
The gnoll hits you with a +0 whip.
The gnoll hits you with a +2 halberd of venom.
You are more poisoned.
You block the jackal's attack. The gnoll bouda barely misses you.
The gnoll hits you but does no damage.
You climb downwards.
You feel very sick.
There is a stone staircase leading up here.
Things that are here:
a +0 war axe {axe}; an orc corpse; 😮 HP[-18]
You take 18 damage, and now have 31/56 hp.
MASSIVE DAMAGE!! (PAUSE)
You hit the gnoll. Your headbutt misses the gnoll. You hit the jackal.
You hit the gnoll. You hit the jackal.
You feel very sick.
The jackal bites you but does no damage. x2
The gnoll hits you but does no damage.
The gnoll hits you with a +2 halberd of venom.
* * * LOW HITPOINT WARNING * * *
You are lethally poisoned!
The jackal bites you.
* * * LOW HITPOINT WARNING * * *
The jackal bites you but does no damage. 😨 HP[-12]
You take 12 damage, and now have 19/56 hp.
MASSIVE DAMAGE!! (PAUSE)
You closely miss the gnoll. Your headbutt misses the gnoll.
You slash the gnoll!
You kill the gnoll!
You hit the jackal. You miss the jackal.
* * * LOW HITPOINT WARNING * * *
You feel very sick.
The jackal bites you but does no damage.
The gnoll hits you with a +2 halberd of venom!
* * * LOW HITPOINT WARNING * * *
The jackal bites you but does no damage.
You block the jackal's attack. You block the gnoll's attack.
The jackal bites you but does no damage. 😱 HP[-13]
You take 13 damage, and now have 6/56 hp.
MASSIVE DAMAGE!! (PAUSE)
You feel better. The jackal closely misses you. You block the jackal's attack.
The gnoll barely misses you. 😨 HP[+9]
You regained 9 hp, and now have 15/56 hp.
You barely miss the gnoll. Your headbutt misses the gnoll.
You closely miss the jackal. You hit the jackal.
You kill the jackal!
You closely miss the gnoll bouda.
The jackal bites you but does no damage.
You block the gnoll bouda's attack.
The gnoll hits you with a +2 halberd of venom!
* * * LOW HITPOINT WARNING * * *
You are lethally poisoned!
The jackal closely misses you. The gnoll hits you but does no damage.
The gnoll bouda hits you with a +0 club.
* * * LOW HITPOINT WARNING * * *
😱 HP[-14]
You take 14 damage, and now have 1/56 hp.
MASSIVE DAMAGE!! (PAUSE)
You feel better. The jackal closely misses you.
The gnoll hits you with a +2 halberd of venom.
* * * LOW HITPOINT WARNING * * *
You are lethally poisoned!
The gnoll completely misses you.
The gnoll bouda barely misses you. 😱 HP[+6]
You regained 6 hp, and now have 7/56 hp.
It was a potion of berserk rage.
A red film seems to cover your vision as you go berserk!
You feel yourself moving faster!
You feel mighty!
You feel sick.
The jackal bites you but does no damage.
The gnoll hits you with a +2 halberd of venom.
* * * LOW HITPOINT WARNING * * *
You are lethally poisoned!
The gnoll hits you with a +0 flail.
* * * LOW HITPOINT WARNING * * *
The jackal bites you.
* * * LOW HITPOINT WARNING * * *
The gnoll bouda gazes fiercely through you!
You feel your attacks grow feeble.
The gnoll bouda hits you but does no damage. 😱 HP[-4]
You now have 84 max hp (+28).
You are too berserk!
Unknown command.
You closely miss the gnoll. You closely miss the jackal. You hit the gnoll.
You hit the gnoll bouda.
You die...

Skill      XL: |  1  2  3  4 |
---------------+-------------+-----
Axes           | 3 4 |  4.8
Fighting       | 4 5 |  5.6
Throwing       | 1 2 |  2.1
Armour         | 4 |  4.7
Shields        | |  3.6

Action                   |  1- 3 |  4- 6 || total
-------------------------+-------+-------++-------
Melee: War axe           |    86 |    45 ||   131
       Headbutt          |     9 |     7 ||    16
  Use: Scroll            |     1 |     1 ||     2
       Potion            |       |     4 ||     4
Armor: Scale mail        |    41 |     9 ||    50
       Chain mail        |       |    34 ||    34
Dodge: Dodged            |    37 |    29 ||    66
Block: Buckler           |    21 |    14 ||    35

Levels and vault maps discovered:
D:1:      dpeg_arrival_water_fire, layout_basic
D:2:      layout_basic, serial_shops, shop_fountains, grunt_decor_arrowhead
D:3:      layout_rooms, nicolae_tso_carved_into_rock,
          gammafunk_temple_overflow_forgotten, uniq_sigmund
D:4:      layout_basic
D:5:      layout_basic, serial_rivers, chequers_serial_rivers_marsh,
          chequers_serial_rivers_micro_c, chequers_serial_rivers_micro_a,
          chequers_serial_rivers_micro_b, nzn_random_ring

Notes
Turn   | Place    | Note
-------+----------+-------------------------------------------
     0 | D:1      | Sanktem7 the Minotaur Fighter began the quest for the Orb.
     0 | D:1      | Reached XP level 1. HP: 19/19 MP: 0/0
     0 | D:1      | magus.rc [v1.9.6]
   157 | D:1      | You pick up a book of Air and begin reading...
   157 | D:1      | You add the spells Shock, Swiftness and Airstrike to your
                  | library.
   476 | D:1      | Reached XP level 2. HP: 27/27 MP: 1/1
   780 | D:1      | Reached skill level 3 in Axes
   865 | D:1      | Reached skill level 4 in Fighting
  1091 | D:2      | Reached skill level 1 in Throwing
  1091 | D:2      | Reached XP level 3. HP: 16/33 MP: 2/2
  1262 | D:2      | Reached skill level 4 in Armour
  1661 | D:2      | Found Ofusch's Magic Scroll Shoppe.
  1667 | D:2      | Bought a scroll of identify for 28 gold pieces
  1989 | D:3      | Found an ancient bone altar of Kikubaaqudgha.
  1995 | D:3      | Found a blossoming altar of Fedhas.
  1995 | D:3      | Found a snail-covered altar of Cheibriados.
  2056 | D:3      | Noticed Sigmund
  2062 | D:3      | Reached XP level 4. HP: 41/41 MP: 3/3
  2075 | D:3      | HP: 6/41 [something (9)]
  2076 | D:3      | Killed Sigmund
  2077 | D:3      | Reached skill level 5 in Fighting
  2077 | D:3      | Reached skill level 4 in Axes
  2077 | D:3      | Reached skill level 2 in Throwing
  2077 | D:3      | Reached XP level 5. HP: 7/48 MP: 4/4
  2718 | D:3      | Found a glowing golden altar of the Shining One.
  2856 | D:4      | HP: 12/48 [gnoll/+2 halberd of venom[a gnoll bouda] (3)]
  2857 | D:5      | Entered Level 5 of the Dungeon
  2966 | D:5      | Reached XP level 6. HP: 39/56 MP: 5/5
  3062 | D:5      | HP: 13/56 [poisoned by a gnoll]
  3062 | D:5      | HP: 6/56 [gnoll/+2 halberd of venom[a gnoll bouda] (7)]
  3064 | D:5      | HP: 1/56 [gnoll bouda/+0 club (2)]
  3067 | D:5      | Succumbed to a gnoll's poison

Vanquished Creatures
  Sigmund (D:3)
  3 gnolls
  2 adders
  2 worms (D:2)
  7 orcs
  5 ball pythons
  5 endoplasms
  3 giant cockroaches
  4 goblins
  6 hobgoblins
  4 jackals
  A quokka (D:2)
  11 bats
  A frilled lizard (D:1)
  4 kobolds
  3 rats
62 creatures vanquished.

Table legend:
 A = Non-vault XP
 B = Vault XP
 C = Vault XP percentage of total XP
 D = Non-vault monster count
 E = Vault monster count
 F = Vault count percentage of total count
                 A         B        C        D         E       F
            +---------+---------+-------+---------+---------+-------
      Total |     174 |     223 |  56.2 |      61 |       1 |   1.6
            +---------+---------+-------+---------+---------+-------
        D:1 |      26 |       0 |   0.0 |      19 |       0 |   0.0
        D:2 |      47 |       0 |   0.0 |      16 |       0 |   0.0
        D:3 |      50 |     223 |  81.7 |      19 |       1 |   5.0
        D:4 |      30 |       0 |   0.0 |       3 |       0 |   0.0
        D:5 |      21 |       0 |   0.0 |       4 |       0 |   0.0
            +---------+---------+-------+---------+---------+-------

Illustrated notes

Table legend:
 A = Kills in this place as a percentage of kills in entire the game.
 B = Kills by you in this place as a percentage of kills by you in the entire game.
 C = Kills by friends in this place as a percentage of kills by friends in the entire game.
 D = Other kills in this place as a percentage of other kills in the entire game.
 E = Experience gained in this place as a percentage of experience gained in the entire game.
 F = Experience gained in this place divided by the number of levels of this place that you have seen.
                   A       B       C       D       E      F
               +-------+-------+-------+-------+-------+----------------------
         Total | 100.0 | 100.0 |   N/A |   N/A | 100.0 |  79.4
       Dungeon | 100.0 | 100.0 |   N/A |   N/A | 100.0 |  79.4
               +-------+-------+-------+-------+-------+----------------------

Table legend: (Time is in decaauts)
 A = Elapsed time spent in this place.
 B = Non-inter-level travel time spent in this place.
 C = Inter-level travel time spent in this place.
 D = Time resting spent in this place.
 E = Time spent auto-exploring this place.
 F = Levels seen in this place.
 G = Mean time per level.
                   A        B        C        D        E       F      G
               +--------+--------+--------+--------+--------+-----+--------+
         Total |   3113 |   3036 |     77 |    341 |   2289 |   5 |  622.6 |
       Dungeon |   3113 |   3036 |     77 |    341 |   2289 |   5 |  622.6 |
               +--------+--------+--------+--------+--------+-----+--------+

Top non-repeatable levels by time:
     D:1: 1018 daAuts
     D:2: 998 daAuts
     D:3: 863 daAuts
     D:5: 211 daAuts
     D:4: 21 daAuts
